AoeStats
← Gun™

African Clearing

510321455Analyzed
4v4 RM · 19h ago on Sep 30, 2026· 72m 52s· 8 players
Game mode
Random Map
Map size
Large (8 player)
Population
200
Speed
Normal
Resources
Standard
Victory
Conquest
Starting age
Dark Age
Ending age
Imperial Age
RankedLock teamsTeams togetherTeam positionsShared explorationLock speedFull tech treeHidden civsTurbo modeCheats
Victory
Defeat
🇻🇳 Khmer · Vietnam
1828
+13
🇻🇳 Jurchens · Vietnam
1816
+13
🇫🇷 Poles · France
1776
+15
🇻🇳 Magyars · Vietnam
1593
+23
🇨🇳 Dravidians · China
1801
-18
🇨🇳 Ethiopians · China
1783
-17
🇨🇳 Aztecs · China
1725
-15
🇭🇰 Malay · Hong Kong SAR China
1702
-14
ChauNg
9:14 Loom
12:30 Feudal Age
12:35 Man-at-Arms
28:56 Castle Age
31:36 Castle Age
31:11 Double-Bit Axe
34:45 Fletching
36:37 Bodkin Arrow
36:05 Crossbowman
38:33 Bodkin Arrow
39:24 Horse Collar
42:34 Wheelbarrow
45:19 Bow Saw
45:30 Heavy Plow
52:06 Imperial Age
49:15 Elite Skirmisher
49:56 Padded Archer Armor
50:49 Ballistics
50:47 Gold Mining
51:41 Squires
52:14 Leather Archer Armor
52:35 Hand Cart
52:08 Town Watch
53:11 Bracer
54:47 Chemistry
54:30 Ring Archer Armor
64:35 Two-Man Saw
65:07 Caravan
65:42 Coinage
67:41 Crop Rotation
69:04 Gold Shaft Mining
68:20 Stone Mining
69:22 Guilds
69:43 Banking
71:45 Conscription
=)Svanhilde
14:14 Feudal Age
16:23 Double-Bit Axe
19:03 Castle Age
17:33 Horse Collar
19:58 Bow Saw
19:48 Heavy Plow
24:16 Husbandry
24:30 Gold Mining
25:37 Scale Barding Armor
27:58 Szlachta Privileges
28:18 Bloodlines
29:30 Scale Mail Armor
29:43 Forging
29:26 Loom
31:35 Forging
33:21 Iron Casting
33:56 Scale Mail Armor
34:23 Chain Barding Armor
34:33 Scale Mail Armor
34:52 Squires
36:51 Fletching
37:38 Bodkin Arrow
37:58 Chain Mail Armor
37:50 Stone Mining
40:39 Wheelbarrow
43:22 Imperial Age
43:42 Hand Cart
43:39 Cavalier
45:20 Blast Furnace
44:49 Capped Ram
46:03 Conscription
49:38 Siege Ram
51:33 Plate Mail Armor
50:52 Light Cavalry
53:14 Bracer
52:50 Winged Hussar
55:42 Crop Rotation
58:16 Masonry
61:13 Treadmill Crane
61:55 Ballistics
62:35 Chemistry
63:29 Caravan
70:13 Coinage
73:51 Banking
VIPN@U
11:31 Feudal Age
12:06 Double-Bit Axe
13:41 Loom
20:53 Castle Age
18:52 Horse Collar
19:26 Gold Mining
20:53 Bloodlines
22:30 Husbandry
25:08 Town Watch
25:34 Scale Barding Armor
27:24 Wheelbarrow
30:46 Bow Saw
30:36 Heavy Plow
31:31 Stone Mining
32:55 Ballistics
36:35 Imperial Age
36:38 Elite Ballista Elephant
39:47 Chain Barding Armor
41:37 Plate Barding Armor
42:00 Conscription
44:00 Chemistry
44:14 Double Crossbow
44:50 Hand Cart
45:10 Forging
46:01 Siege Engineers
47:10 Masonry
47:02 Light Cavalry
48:21 Coinage
49:29 Iron Casting
50:01 Hussar
52:29 Fletching
53:14 Bodkin Arrow
57:29 Blast Furnace
58:46 Tusk Swords
62:57 Caravan
64:06 Capped Ram
65:46 Siege Ram
Gun™
9:34 Loom
12:02 Feudal Age
13:23 Double-Bit Axe
14:04 Horse Collar
17:39 Scale Barding Armor
20:33 Wheelbarrow
23:24 Castle Age
22:30 Bloodlines
23:52 Town Watch
23:45 Light Cavalry
24:27 Husbandry
27:16 Chain Barding Armor
30:57 Bow Saw
35:48 Imperial Age
35:54 Cavalier
37:09 Plate Barding Armor
41:08 Stone Mining
41:09 Gold Mining
47:56 Hand Cart
48:45 Paladin
61:19 Hussar
65:31 Gold Shaft Mining
65:56 Two-Man Saw
64:58 Heavy Plow
66:54 Caravan
71:57 Two-Man Saw
71:27 Crop Rotation
72:57 Conscription
kibou
13:14 Feudal Age
11:46 Loom
18:38 Castle Age
16:26 Double-Bit Axe
16:40 Horse Collar
17:26 Scale Mail Armor
23:46 Bow Saw
24:13 Chain Mail Armor
23:20 Pikeman
27:05 Heavy Plow
32:07 Wheelbarrow
34:38 Forging
35:28 Fletching
36:22 Bodkin Arrow
46:46 Imperial Age
44:49 Eagle Warrior
45:29 Squires
45:15 Arson
46:52 Hand Cart
46:00 Man-at-Arms
46:25 Gambesons
48:00 Conscription
48:09 Garland Wars
48:21 Plate Mail Armor
48:27 Iron Casting
53:01 Ballistics
53:42 Chemistry
52:44 Bracer
53:44 Blast Furnace
52:49 Bracer
52:49 Padded Archer Armor
53:04 Capped Ram
54:40 Siege Ram
57:00 Gold Mining
56:47 Elite Jaguar Warrior
59:52 Gold Shaft Mining
61:08 Leather Archer Armor
60:58 Long Swordsman
64:16 Onager
66:25 Siege Engineers
67:15 Elite Eagle Warrior
68:14 Caravan
68:28 Arrowslits
68:56 Fortified Wall
香香瓜子壳
11:28 Loom
13:32 Feudal Age
15:08 Double-Bit Axe
17:31 Castle Age
16:56 Gold Mining
17:35 Crossbowman
18:06 Fletching
18:28 Bow Saw
19:35 Horse Collar
22:48 Bodkin Arrow
23:33 Padded Archer Armor
26:09 Ballistics
28:16 Wheelbarrow
30:11 Sanctity
31:56 Hand Cart
31:27 Town Watch
37:11 Imperial Age
38:02 Leather Archer Armor
37:55 Bracer
38:58 Chemistry
38:38 Conscription
38:58 Thumb Ring
38:38 Arbalester
39:36 Leather Archer Armor
43:48 Illumination
43:56 Stone Mining
44:41 Gold Shaft Mining
47:18 Ring Archer Armor
54:30 Two-Man Saw
55:00 Squires
55:01 Scale Mail Armor
55:11 Forging
54:50 Halberdier
57:24 Chain Mail Armor
57:44 Iron Casting
63:33 Arson
64:19 Plate Mail Armor
III
12:51 Feudal Age
13:34 Loom
18:02 Castle Age
16:26 Double-Bit Axe
19:18 Fishing Lines
21:12 Town Watch
22:40 Wheelbarrow
21:53 Horse Collar
25:33 Pikeman
27:08 Bow Saw
26:50 Gold Mining
32:45 Imperial Age
30:57 Scale Mail Armor
31:07 Forging
31:25 Heavy Plow
31:30 Gillnets
32:01 Chain Mail Armor
32:07 Squires
31:52 Arson
32:59 Forging
32:52 Halberdier
34:05 Conscription
33:26 Siege Elephant
34:32 Man-at-Arms
34:58 Gambesons
35:44 Plate Mail Armor
35:10 Long Swordsman
35:57 Two-Handed Swordsman
37:23 Iron Casting
37:30 Champion
39:23 Blast Furnace
40:04 Wootz Steel
40:05 Hand Cart
41:31 Two-Man Saw
40:23 Stone Mining
41:51 Coinage
42:08 Coinage
41:06 Elite Elephant Archer
41:40 Fletching
41:51 Padded Archer Armor
42:17 Bodkin Arrow
43:22 Banking
43:06 Bracer
43:06 Padded Archer Armor
43:27 Ballistics
44:07 Thumb Ring
44:06 Padded Archer Armor
45:43 Chemistry
45:28 Onager
49:23 Siege Onager
54:35 Hoardings
55:51 Leather Archer Armor
61:19 Ring Archer Armor
63:06 Caravan
幾花丹色™
9:31 Loom
12:16 Feudal Age
11:36 Man-at-Arms
13:28 Arson
16:22 Fletching
18:59 Double-Bit Axe
31:09 Castle Age
29:35 Horse Collar
30:03 Gold Mining
35:57 Bodkin Arrow
40:01 Wheelbarrow
39:31 Crossbowman
47:30 Imperial Age
47:41 Imperial Age
46:13 Sanctity
46:13 Redemption
47:58 Illumination
48:20 Block Printing
58:40 Bow Saw
60:53 Fishing Lines
63:26 Gillnets
63:47 Pikeman
64:27 Squires
64:28 Halberdier
65:25 Forging
66:41 Iron Casting
Connection lost

Rejoining the realm…

Still unreachable

The connection could not be restored.

Session expired

The server has moved on; the page needs a fresh start.